 Dungeon Crawl Stone Soup version 0.30.1-3-gfc49f6343a (webtiles) character file.

Game seed: 14643617140822743898

228 101zpm the Magician (level 6, -8/40 HPs)
             Began as a Djinni Fire Elementalist on July 27, 2023.
             Mangled by an iguana (12 damage)
             ... on level 5 of the Dungeon on July 29, 2023.
             The game lasted 00:08:03 (3157 turns).

101zpm the Magician (Djinni Fire Elementalist)      Turns: 3157, Time: 00:08:05

Health: -8/40      AC:  2    Str:  7    XL:     6   Next: 23%
Gold:   237        EV: 12    Int: 18    God:
                   SH:  0    Dex: 14

rFire   + + .        e - staff of air
rCold   . . .        (no shield)
rNeg    . . .        a - +0 robe
rPois   ∞            (no helmet)
rElec   +            (no cloak)
rCorr   .            (no gloves)
SInv    .            (boots unavailable)
Will    .....        (no amulet)
Stlth   ++           j - ring of protection from cold
HPRegen 0.26/turn    (no ring)
MPRegen 0.00/turn

%: infuse magic (-9 HP)
@: flying
A: sickness immunity, fire resistance 2, cold vulnerability 1, float, innate
caster, HP casting, extra vitality 1
a: no special abilities


You were on level 5 of the Dungeon.
You visited 1 branch of the dungeon, and saw 5 of its levels.

You collected 237 gold pieces.

Inventory:

Armour
 a - a +0 robe (worn)
Magical Staves
 e - a staff of air (weapon)
Jewellery
 j - a ring of protection from cold (left hand)
Scrolls
 c - a scroll of vulnerability {unknown}
 d - 3 scrolls of fog {unknown}
 f - 2 scrolls of noise {unknown}
 h - 3 scrolls of teleportation {unknown}
 n - a scroll of immolation {unknown}
 o - a scroll of identify {unknown}
Potions
 b - a potion of might {unknown}
 g - a potion of invisibility
 i - a potion of haste {unknown}
 k - 4 potions of flight {unknown}
 l - a potion of degeneration {unknown}
 m - 2 potions of brilliance {unknown}
 p - a potion of heal wounds {unknown}
 q - 2 potions of curing {unknown}


   Skills:
 + Level 2.7 Dodging
 + Level 2.1 Stealth
 + Level 0.1 Unarmed Combat
 + Level 4.7 Spellcasting


You knew the following spells:

 Your Spells              Type           Power      Damage    Failure   Level
a - Foxfire               Conj/Fire      84%        2x1d8     1%          1
b - Scorch                Fire           42%        2d7       3%          2
c - Volatile Blastmotes   Fire/Tloc      42%        2d13      6%          3
d - Inner Flame           Hex/Fire       21%        N/A       6%          3
e - Flame Wave            Conj/Fire      21%        2d8       21%         4
f - Sandblast             Erth           42%        2d11      1%          1
g - Call Imp              Summ           42%        N/A       3%          2
Your spell library was empty.

Dungeon Overview and Level Annotations

Branches:
Dungeon (5/15)             Temple (0/1) D:4

Altars:
Ashenzari
Elyvilon
Xom

Annotations:
D:3 1 runed translucent door, Anriel's ghost, amateur HuFi


Innate Abilities, Weirdness & Mutations

You are immune to sickness and miasma.
You are immune to poison.
Your flesh is very heat resistant. (rF++)
You are vulnerable to cold. (rC-)
You float through the air rather than walking.
You learn spells naturally, not from books.
Your magical power is your life essence.
You have superior vitality. (+4 MHP)


Message History

A tiny devil pulls itself out of the air.
* * * LOW HITPOINT WARNING * * *
The foxfire hits the iguana but does no damage.
The iguana is lightly wounded.
The foxfire hits the iguana but does no damage.
The iguana is lightly wounded.
The iguana bites you.
* * * LOW HITPOINT WARNING * * *
You are too injured to fight recklessly!
Unknown command.
You swap places.
Your cerulean imp hits the iguana with a -2 spear.
The iguana barely misses your cerulean imp.
Casting: Call Imp (safe; 3% risk of failure)
Confirm with . or Enter, or press ? or * to list all spells.
Flames lash the iguana.
The iguana is severely wounded.
The iguana's fire resistance burns away.
* * * LOW HITPOINT WARNING * * *
Your cerulean imp hits the iguana but does no damage.
The iguana bites your cerulean imp!
Your cerulean imp dies!
Your cerulean imp disappears in a puff of smoke!
Casting: Scorch (safe; 3% risk of failure)
Confirm with . or Enter, or press ? or * to list all spells.
Aiming: Inner Flame (dangerous; 6% risk of failure)
Press: ? - help, Dir - move target, f - iguana
Aim: an iguana (severely wounded, more vulnerable to fire, chance to affect: 83%)
The iguana is filled with an inner flame.
* * * LOW HITPOINT WARNING * * *
Unknown command.
You see here a +0 spear.
The iguana is no longer more vulnerable to fire.
You are too injured to fight recklessly!
Casting: Foxfire (safe; 1% risk of failure)
Press: ? - help, Q - select action, (/) - cycle Dir - look around, f - activate You conjure some foxfire!
* * * LOW HITPOINT WARNING * * *
The iguana bites you!
You die...

.#..# ###.. .#..# #...##
.#..# #.... .# ....#
...# .# ###.# #..# #.#
#.# #..# #.##
#.##########..# ...#
#............v######...#
#
#############.@l.o).#..#
.# ........v#####...#.#
....###.## #$...# ##
#.######§..#.#
#.........!# .#
########.#.# #...#
...... ##..##..#


You could see an iguana (inner flame, ally target) and an orc.

Vanquished Creatures
  A scorpion (D:5)
  6 gnolls
  2 adders
  4 dart slugs
  5 orcs
  8 endoplasms
  2 giant cockroaches
  7 goblins
  10 hobgoblins
  3 jackals (D:3)
  5 kobolds
  4 quokkas
  6 ball pythons
  4 bats
  2 frilled lizards (D:3)
  3 rats
72 creatures vanquished.

Vanquished Creatures (others)
  390 foxfires
390 creatures vanquished.

Grand Total: 462 creatures vanquished

Notes
Turn   | Place    | Note
-------+----------+-------------------------------------------
     0 | D:1      | 101zpm the Djinni Fire Elementalist began the quest for the
                  | Orb.
     0 | D:1      | 101zpm set off with the following spells memorised:
                  | Foxfire, Scorch, Volatile Blastmotes, Inner Flame, Flame
                  | Wave.
     0 | D:1      | Reached XP level 1. HP: 15/15 MP: 0/0
   188 | D:1      | Reached XP level 2. HP: 17/21 MP: 0/0
   731 | D:2      | Reached XP level 3. HP: 22/25 MP: 0/0
   731 | D:2      | Learned a level 1 spell: Sandblast
   786 | D:2      | Reached skill level 3 in Spellcasting
   929 | D:2      | Reached XP level 4. HP: 21/31 MP: 0/0
  1642 | D:3      | Reached XP level 5. HP: 34/35 MP: 0/0
  1642 | D:3      | Learned a level 2 spell: Call Imp
  1893 | D:3      | Noticed Anriel's ghost (amateur HuFi)
  1900 | D:3      | Reached skill level 4 in Spellcasting
  1921 | D:3      | Found a runed translucent door.
  2785 | D:4      | Found a staircase to the Ecumenical Temple.
  2939 | D:4      | Found a shimmering altar of Xom.
  2945 | D:4      | Found a white marble altar of Elyvilon.
  2950 | D:4      | Found a broken altar of Ashenzari.
  3054 | D:5      | Entered Level 5 of the Dungeon
  3090 | D:5      | Reached XP level 6. HP: 36/40 MP: 0/0
  3157 | D:5      | Mangled by an iguana

Illustrated notes

Levels and vault maps discovered:
D:1:      heliophobic_arrival_dark_side_of_the_moon, layout_loops_corners
D:2:      layout_rooms
D:3:      layout_basic, hellmonk_ghost_happy_afterlife
D:4:      layout_cave_pools, grunt_temple_overflow_diamond,
          minmay_temple_entry_metal_lava, minmay_cupped
D:5:      layout_loops_ring

Skill      XL: |  1  2  3  4  5 |
---------------+----------------+-----
Spellcasting   | 3 4 |  4.7
Stealth        | 2 |  2.1
Dodging        | |  2.7
Unarmed Combat | |  0.1

Action                     |  1- 3 |  4- 6 || total
---------------------------+-------+-------++-------
  Melee: Unarmed           |    10 |       ||    10
         Punch             |     1 |       ||     1
   Cast: Foxfire           |    64 |   164 ||   228
         Scorch            |     8 |    21 ||    29
         Call Imp          |       |     6 ||     6
         Inner Flame       |       |     2 ||     2
 Armour: Robe              |     2 |       ||     2
  Dodge: Dodged            |     4 |     5 ||     9
